 Dungeon Crawl Stone Soup version 0.30.1-11-g7821555f0a (webtiles) character file.

Game seed: 17688431194761254678

5054 caec the Transmogrifier (level 10, -3/79 HPs)
             Began as a Yellow Draconian Transmuter on Dec 14, 2023.
             Was a Priest of Hepliaklqana.
             Slain by a yak (8 damage)
             ... on level 8 of the Dungeon on Dec 18, 2023.
             The game lasted 00:58:36 (8391 turns).

caec the Transmogrifier (DrTm)                      Turns: 8391, Time: 00:58:36

Health: -3/79      AC:  7    Str: 12    XL:     10   Next: 31%
Magic:  18/19      EV: 11    Int: 17    God:    Hepliaklqana [***...]
Gold:   436        SH:  0    Dex: 13    Spells: 11/21 levels left

rFire   . .          .
                       - Unarmed
rCold   + + .        (shield currently unavailable)
rNeg    . . .        (body armour unavailable)
rPois   +            (helmet currently unavailable)
rElec   .            f - melded +0 cloak
rCorr   .            w - melded +0 pair of gloves
SInv    .            (boots currently unavailable)
Will    .....        (no amulet)
Stlth   ++           d - ring of fire
HPRegen 0.33/turn    (no ring)
MPRegen 0.16/turn

%: no passive effects
@: ice-form, wereblooded
A: freezing attack, amphibious, boosted hp, reduced essence, (spit acid), AC +7,
large, unfitting armour, (cold-blooded), (acid resistance)
a: End Transformation, Renounce Religion, Recall Ancestor, Ancestor Identity,
Transference


You were on level 8 of the Dungeon.
You worshipped Hepliaklqana.
Hepliaklqana was most pleased with you.
You were a creature of crystalline ice.
You visited 2 branches of the dungeon, and saw 10 of its levels.

You collected 436 gold pieces.

Inventory:

Missiles
 o - a javelin
 s - a throwing net
 u - 17 poisoned darts
 z - a curare-tipped dart (quivered)
Armour
 f - a +0 cloak (melded)
 w - a +0 pair of gloves (melded)
 B - an orb of light
Jewellery
 d - a ring of fire (left front paw)
 x - the amulet of Vevodgho {Acrobat Str-4 Dex+5}
   (You found it on level 6 of the Dungeon)

   [amulet of the acrobat]

   It increases your evasion while moving and waiting.
   Str:       It affects your strength (-4).
   Dex:       It affects your dexterity (+5).
Wands
 q - a wand of flame (25)
Scrolls
 b - 2 scrolls of teleportation
 h - 2 scrolls of fear
 i - a scroll of torment {unknown}
 k - 3 scrolls of poison
 m - 2 scrolls of magic mapping
 n - 4 scrolls of enchant weapon {unknown}
 v - 2 scrolls of fog {unknown}
 y - a scroll of acquirement {unknown}
Potions
 a - 2 potions of lignification
 c - 3 potions of curing
 e - a potion of mutation {unknown}
 g - a potion of invisibility
 j - a potion of heal wounds
 l - 2 potions of attraction {unknown}
 p - a potion of flight {unknown}
 r - 3 potions of degeneration
 t - 2 potions of haste
 A - a potion of ambrosia {unknown}


   Skills:
 + Level 2.4 Fighting
 + Level 4.6 Throwing
 + Level 4.7 Dodging
 + Level 3.1 Stealth
 + Level 7.8 Unarmed Combat
 + Level 6.3 Spellcasting
 * Level 8.7 Transmutations
 + Level 0.1 Poison Magic


You had 11 spell levels left.
You knew the following spells:

 Your Spells              Type           Power      Damage    Failure   Level
a - Beastly Appendage     Tmut           68%        N/A       1%          1
b - Wereblood             Tmut           34%        N/A       1%          2
c - Spider Form           Tmut/Pois      20%        N/A       6%          3
d - Ice Form              Ice/Tmut       20%        N/A       21%         4

Your spell library contained the following spells:

 Spells                   Type           Power      Damage    Failure   Level
 Magic Dart               Conj           20%        1d4       13%         1
 Call Imp                 Summ           10%        N/A       19%         2
 Cigotuvi's Dreadful Rot  Necr/Pois/Air  10%        N/A       19%         2
 Mephitic Cloud           Conj/Pois/Air  5%         N/A       36%         3
 Dispel Undead            Necr           5%         3d7       77%         4
 Death Channel            Necr           2%         N/A       100%        6


Dungeon Overview and Level Annotations

Branches:
Dungeon (9/15)             Temple (1/1) D:6            Lair (0/5) D:8
    Orc: D:9-12

Altars:
Ashenzari
Dithmenos
Elyvilon
Fedhas
Gozag
Hepliaklqana
Kikubaaqudgha
Makhleb
Nemelex Xobeh
Okawaru
Qazlal
Ru
Sif Muna
Trog
Uskayaw
Vehumet
Wu Jian
Xom
Yredelemnul
Zin
The Shining One

Annotations:
D:8 1 runed translucent door


Innate Abilities, Weirdness & Mutations

You are a creature of crystalline ice.
You have a powerful freezing melee attack.
You are amphibious.
Your maximum health is increased.
Your armour is entirely melded.
You are incapable of wielding weapons or throwing items.
Your life essence is reduced to manifest your ancestor. (-10% HP)
((You can spit globs of acid.))
((Your golden yellow scales are hard. (AC +7)))
You cannot fit into any form of body armour.
((You are cold-blooded and may be slowed by cold attacks.))
((You are resistant to acid. (rCorr)))


Message History

The yak gores Edwyna but does no damage.
The yak closely misses Edwyna.
You pummel the yak!! You freeze the yak!
The yak is almost dead.
You hit the yak. You freeze the yak.
The yak is severely wounded.
Edwyna completely misses the yak.
The yak gores Edwyna!
The yak gores you! x2
You barely miss the yak.
The yak is almost dead.
Edwyna blocks the yak's attack.
The yak gores you! The yak gores you. The yak gores you but does no damage.
Edwyna hits the yak with a +0 flail.
The yak attacks as you move away! The yak closely misses you.
The yak attacks as you move away! The yak gores you.
The yak gores Edwyna but does no damage.
The yak gores Edwyna.
The yak barely misses Edwyna.
There is an open door here.
You hit the yak but do no damage.
Edwyna hits the yak with a +0 flail.
The yak gores Edwyna!
Edwyna is destroyed!
The yak gores you but does no damage. The yak attacks as you move away!
The yak gores you.
You punch the yak! You freeze the yak.
The yak is moderately wounded.
The yak gores you!
* * * LOW HITPOINT WARNING * * *
You feel much better. The yak gores you!
You punch the yak! You freeze the yak.
The yak is severely wounded.
The yak gores you!
* * * LOW HITPOINT WARNING * * *
There is a stone staircase leading up here.
The yak gores you!
* * * LOW HITPOINT WARNING * * *
You climb upwards.
Level annotation: 1 runed translucent door
There is a stone staircase leading down here.
The yak attacks as you move away! The yak gores you!
* * * LOW HITPOINT WARNING * * *
The yak attacks as you move away! The yak gores you!
You die...

##+##...###.########
.#W#.._..#####.....############
##.##...###......#.##.........#
#[})######.#.....#.##.#######.#
##### #.#.....#.##.# #.#
#...######.#........#.##### #.#
#............#.#..#.......# #.#
#...######.###.#....#.###.###.#
##.## #.###.#Y####.........#
#.# #....>Y.# #####.#####
##.### ####...## #.# .....#
##.....## ##)## ##.#.##
##.......## ##)..#
##....####........)####....#
.........'.........'.......#
############.......####....#
#......###.R....#


You could see a yak.

Vanquished Creatures
  A two-headed ogre (D:7)
  A komodo dragon (D:8)
  Prince Ribbit (D:6)
  2 wraiths (D:8)
  A fire bat (D:8)
  2 yaks (D:9)
  A basilisk (D:8)
  A sky beast (D:8)
  A bullfrog (D:7)
  A gnoll sergeant (D:8)
  3 scorpions (D:4)
  A howler monkey (D:4)
  A jelly (D:8)
  2 bullfrog zombies (D:6)
  2 hounds
  An orc priest (D:7)
  Crazy Yiuf (D:6)
  3 sleepcaps
  Ijyb (D:5)
  3 iguanas
  11 gnolls
  2 adders (D:4)
  The ghost of Rangus the Sneak, a weakling OpDe (D:6)
  2 dart slugs (D:4)
  19 orcs
  8 ball pythons
  6 endoplasms
  6 giant cockroaches
  5 goblins
  8 hobgoblins
  7 jackals
  2 quokkas
  8 bats
  A frilled lizard (D:3)
  6 kobolds (D:8)
  8 rats
130 creatures vanquished.

Vanquished Creatures (collateral kills)
  A komodo dragon (D:8)
  Eustachio (D:5)
  3 wraiths (D:8)
  3 fire bats (D:8)
  An acid dragon (D:8)
  A sky beast (D:7)
  A centaur (D:8)
  A phantom (D:5)
  3 kobold brigands (D:8)
  A scorpion (D:5)
  A howler monkey (D:6)
  A jelly (D:7)
  A sleepcap (D:6)
  An iguana (D:7)
  2 orc wizards
  4 gnolls
  2 white imps (D:7)
  An ufetubus (D:6)
  An orc (D:5)
  6 kobolds (D:8)
  A bat (D:8)
37 creatures vanquished.

Vanquished Creatures (others)
  2 knights
  3 ancestors
5 creatures vanquished.

Grand Total: 172 creatures vanquished

Notes
Turn   | Place    | Note
-------+----------+-------------------------------------------
     0 | D:1      | caec the Draconian Transmuter began the quest for the Orb.
     0 | D:1      | Reached XP level 1. HP: 16/16 MP: 3/3
   152 | D:1      | Reached XP level 2. HP: 20/23 MP: 3/5
   696 | D:2      | Learned a level 2 spell: Wereblood
   837 | D:2      | Reached XP level 3. HP: 28/28 MP: 2/6
  1276 | D:3      | Found a radiant altar of Vehumet.
  1281 | D:3      | Found a blossoming altar of Fedhas.
  1284 | D:3      | Found a shimmering altar of Xom.
  1291 | D:3      | Found a white marble altar of Elyvilon.
  1292 | D:3      | Found a hazy altar of Hepliaklqana.
  1295 | D:3      | Found a stormy altar of Qazlal.
  1297 | D:3      | Found an iron altar of Okawaru.
  1299 | D:3      | Found an ancient bone altar of Kikubaaqudgha.
  1301 | D:3      | Found a sacrificial altar of Ru.
  1302 | D:3      | Found a broken altar of Ashenzari.
  1837 | D:3      | Became a worshipper of Hepliaklqana the Forgotten
  1923 | D:4      | Noticed a scorpion
  1933 | D:4      | Reached XP level 4. HP: 35/35 MP: 7/7
  1940 | D:4      | Killed a scorpion
  2078 | D:4      | Reached skill level 3 in Transmutations
  2078 | D:4      | Reached XP level 5. HP: 35/40 MP: 7/9
  2338 | D:4      | Found an opulent altar of Gozag.
  2409 | D:4      | Reached XP level 6. HP: 35/47 MP: 7/10
  2413 | D:4      | Reached skill level 1 in Stealth
  2689 | D:4      | Reached * piety under Hepliaklqana
  2717 | D:4      | Reached skill level 1 in Throwing
  2909 | D:4      | Learned a level 3 spell: Spider Form
  2970 | D:5      | Entered Level 5 of the Dungeon
  2984 | D:5      | Reached skill level 4 in Transmutations
  3155 | D:5      | Noticed Ijyb
  3168 | D:5      | Killed Ijyb
  3169 | D:5      | Your scales start taking on a golden yellow colour.
  3169 | D:5      | Reached XP level 7. HP: 35/46 MP: 8/11
  3169 | D:5      | Gained mutation: You are resistant to acid. (rCorr) [Yellow
                  | Draconian growth]
  3171 | D:5      | Found a sparkling altar of Nemelex Xobeh.
  3171 | D:5      | Noticed Eustachio
  3505 | D:5      | Killed Eustachio
  3506 | D:5      | Reached skill level 5 in Unarmed Combat
  3506 | D:5      | Reached skill level 5 in Transmutations
  4235 | D:6      | Found a staircase to the Ecumenical Temple.
  4249 | D:6      | Noticed Prince Ribbit
  4293 | D:6      | Killed Prince Ribbit
  4294 | D:6      | Reached XP level 8. HP: 36/53 MP: 11/13
  4435 | D:6      | Found a runed translucent gate.
  4435 | D:6      | Found a runed translucent gate.
  4435 | D:6      | Found a runed translucent gate.
  4435 | D:6      | Noticed Rangus's ghost (weakling OpDe)
  4437 | D:6      | Found a basalt altar of Yredelemnul.
  4467 | D:6      | Killed Rangus's ghost
  4528 | D:6      | Identified the amulet of Vevodgho {Acrobat Str-4 Dex+5}
  4791 | D:6      | Found a runed translucent door.
  4792 | D:6      | Noticed Crazy Yiuf
  4921 | D:6      | Killed Crazy Yiuf
  4968 | D:7      | Reached ** piety under Hepliaklqana
  4973 | D:6      | Remembered your ancestor Edwyna as a knight
  5198 | D:7      | Noticed a two-headed ogre
  5468 | D:7      | Reached skill level 6 in Transmutations
  5687 | D:7      | Killed a two-headed ogre
  5688 | D:7      | Reached skill level 5 in Spellcasting
  5688 | D:7      | Reached XP level 9. HP: 49/60 MP: 11/16
  5937 | D:8      | Found a shimmering blue altar of Sif Muna.
  6123 | D:8      | Found an ornate altar of the Wu Jian Council.
  6128 | D:8      | Found a runed translucent door.
  6130 | D:8      | Found an ancient bone altar of Kikubaaqudgha.
  6140 | D:8      | Found a glowing silver altar of Zin.
  6185 | D:8      | Reached skill level 7 in Transmutations
  6247 | Temple   | Entered the Ecumenical Temple
  6834 | D:8      | Noticed a komodo dragon
  6843 | D:8      | Killed a komodo dragon
  6880 | D:8      | Reached *** piety under Hepliaklqana
  6881 | D:8      | Found a staircase to the Lair.
  6902 | D:8      | Noticed a komodo dragon
  6907 | D:8      | Killed a komodo dragon
  7369 | D:8      | Found a shimmering altar of Xom.
  7400 | D:8      | Reached skill level 8 in Transmutations
  7504 | D:8      | Found a glowing silver altar of Zin.
  7511 | D:8      | Reached XP level 10. HP: 53/65 MP: 17/19
  7679 | D:8      | Found a sparkling altar of Nemelex Xobeh.
  8042 | D:8      | Noticed a flayed ghost
  8228 | D:9      | Learned a level 4 spell: Ice Form
  8391 | D:8      | Slain by a yak

Illustrated notes

Levels and vault maps discovered:
D:1:      dpeg_arrival_three_same_balls, layout_basic
D:2:      layout_basic, hangedman_decor_riveting
D:3:      layout_rooms, nicolae_overflow_hallway_of_the_gods
D:4:      layout_gridville, mainiacjoe_overflow_24_doors
D:5:      layout_rooms, mainiacjoe_overflow_small_starburst, serial_aquarium,
          aquarium_bridge_long_joined [aquarium_subvault_window,
          aquarium_subvault_wall, aquarium_subvault_balcony,
          aquarium_subvault_window, aquarium_subvault_bridge,
          aquarium_subvault_wall], aquarium_window_1, aquarium_window_2,
          aquarium_window_corridor_1, aquarium_window_fake, aquarium_view_2a,
          aquarium_pool_2, uniq_eustachio, uniq_ijyb
D:6:      layout_cave_pools, nicolae_yredelemnul_ghost_church,
          minmay_temple_entry_steel_oval, kennysheep_generic_room_3,
          uniq_prince_ribbit1, uniq_crazy_yiuf_cottage
D:7:      layout_loops_cross, chequers_serial_rivers_micro_d,
          dreamdust_wishing_well
D:8:      due_megacathedral, layout_loops_corners, mainiacjoe_overflow_alcove_4,
          erik_lair_dragon
D:9:      layout_gridville, mainiacjoe_overflow_brackets, serial_shops,
          nicolae_shop_back_alley_shop
Temple:   nicolae_temple_superstar

Skill      XL: |  1  2  3  4  5  6  7  8  9 10 |
---------------+-------------------------------+-----
Dodging        | 2 3 4 |  4.7
Unarmed Combat | 4 5 6 7 |  7.8
Transmutations | 3 4 5 6 8 |  8.7
Spellcasting   | 3 5 6 |  6.3
Stealth        | 1 2 3 |  3.1
Throwing       | 1 2 4 |  4.6
Fighting       | 2 |  2.4
Poison Magic   | |  0.1

Action                     |  1- 3 |  4- 6 |  7- 9 | 10-12 || total
---------------------------+-------+-------+-------+-------++-------
  Melee: Unarmed           |   109 |    74 |   186 |    57 ||   426
         Headbutt          |    10 |     6 |    36 |     3 ||    55
         Tailslap          |     3 |    10 |    25 |     1 ||    39
         Kick              |    20 |    12 |    40 |    12 ||    84
         Punch             |     1 |     4 |     3 |       ||     8
  Throw: Javelin           |     4 |       |     4 |       ||     8
         Dart              |       |    25 |    65 |       ||    90
         Throwing net      |       |       |     3 |       ||     3
   Cast: Beastly Appendage |    20 |     9 |    25 |     4 ||    58
         Wereblood         |     5 |     5 |    13 |     2 ||    25
         Spider Form       |       |       |     1 |     1 ||     2
         Ice Form          |       |       |       |     1 ||     1
 Invoke: Ancestor Identity |       |     1 |       |       ||     1
         Ancestor Life: Kn |       |       |     1 |       ||     1
Ability: Breathe Acid      |       |       |     2 |       ||     2
  Evoke: Wand              |       |       |     1 |       ||     1
    Use: Scroll            |     4 |     1 |     5 |       ||    10
         Potion            |       |     1 |       |     1 ||     2
   Stab: Distracted        |       |       |     1 |       ||     1
 Armour: Skin              |    42 |    16 |    68 |    22 ||   148
  Dodge: Dodged            |    82 |    40 |   136 |    37 ||   295
